Workbook

Sheet Summary
B2: SUMMARY
B14: DATE | D14: PROJECT NAME | E14: =Concrete!J15 -> PROJECT LOCATION
B18: LINE NO. | C18: CSI DIV. | D18: DESCRIPTION | E18: MATERIAL COST | F18: LABOR COST | G18: TOTAL COST
B20: =IF(G20<>"",1+MAX($B$18:B19),"") | D20: BASE BID
B21: =IF(G21<>"",1+MAX($B$18:B20),"") -> 1 | D21: BUILDING CONCRETE | E21: =Concrete!R5+(Concrete!R5*(Concrete!$Q$8+Concrete!$Q$10+Concrete!$Q$12))+(Concrete!$Q$11*(Concrete!R5+Concrete!R5*Concrete!$Q$8+Concrete!R5*Concrete!$Q$10)) -> 466625.37 | F21: =Concrete!R6+(Concrete!R6*(Concrete!$Q$9+Concrete!$Q$10+Concrete!$Q$12))+(Concrete!$Q$11*(Concrete!R6+Concrete!R6*Concrete!$Q$9+Concrete!R6*Concrete!$Q$10)) -> 623536.17 | G21: =Concrete!R13 -> 1090161.5
B22: =IF(G22<>"",1+MAX($B$18:B21),"") -> 2 | D22: SITE WORK | E22: ='Site Work'!R5+('Site Work'!R5*('Site Work'!$Q$8+'Site Work'!$Q$10+'Site Work'!$Q$12))+('Site Work'!$Q$11*('Site Work'!R5+'Site Work'!R5*'Site Work'!$Q$8+'Site Work'!R5*'Site Work'!$Q$10)) -> 175083.63 | F22: ='Site Work'!R6+('Site Work'!R6*('Site Work'!$Q$9+'Site Work'!$Q$10+'Site Work'!$Q$12))+('Site Work'!$Q$11*('Site Work'!R6+'Site Work'!R6*'Site Work'!$Q$9+'Site Work'!R6*'Site Work'!$Q$10)) -> 742225.95 | G22: ='Site Work'!R13 -> 917309.58
B23: =IF(G23<>"",1+MAX($B$18:B22),"")
D24: TOTAL PROJECT COST | G24: =SUM(G21:G23) -> 2007471.1
B26: =IF(G26<>"",1+MAX($B$18:B25),"") | D26: ALTERNATE
B27: =IF(G27<>"",1+MAX($B$18:B26),"")
B28: =IF(G28<>"",1+MAX($B$20:B27),"") -> 3 | D28: ALTERNATE #1 | E28: ='Site Work'!I198 -> 0 | F28: 4686.575 | G28: ='Site Work'!R198 -> 4686.575
B29: =IF(C29<>"",1+MAX($B$18:B24),"")

Sheet Concrete
B2: CONSTRUCTION COST ESTIMATE BREAKDOWN | T2: 0.9 | U2: 1.34
B3: CONTRACTOR | I3: ADDRESS
I5: TOTAL MATERIAL COST | R5: =SUM(I22:I110) -> 336003.87
I6: TOTAL LABOR COST | R6: =SUM(P22:P110) -> 436955.97
I7: SUBTOTAL | R7: =SUM(R5:R6) -> 772959.84
I8: SALES TAX | Q8: 0.0625 | R8: =R5*Q8 -> 21000.242
I9: LABOR BURDEN | Q9: 0.1 | R9: =R6*Q9 -> 43695.597
I10: OVERHEAD & PROFIT | Q10: 0.25 | R10: =R7*Q10 -> 193239.96
I11: BONDING | Q11: 0.02 | R11: =SUM(R7:R10)*Q11 -> 20617.913
I12: CONTINGENCY / WASTAGE | Q12: 0.05 | R12: =R7*Q12 -> 38647.992
I13: PROPOSED PROJECT AMOUNT | R13: =SUM(R7:R12) -> 1090161.5
I14: TOTAL MANHOURS | R14: =SUM(K22:K110) -> 5588.9847
B15: DATE | D15: PROJECT NAME | E15: SCOPE OF WORK | J15: PROJECT LOCATION
B18: LINE NO. | C18: DWG REF./ CSI SEC. | D18: ITEM DESCRIPTION | E18: UNIT OF MEASURE | F18: QUANTITY | G18: MATERIAL | J18: LABOR | Q18: LINE TOTAL | R18: TRADE TOTAL W/ S.TAX, O&P
G19: UNIT PRICE | H19: UNIT PRICE | I19: TOTAL COST | J19: UNIT LABOR HOUR | K19: LABOR HOURS | L19: CREW | M19: LABOR RATE | N19: LABOR RATE | O19: UNIT PRICE | P19: TOTAL COST
B20: =IF(F20<>"",1+MAX($B$19:B19),"")
B21: =IF(F21<>"",1+MAX($B$2:B20),"") | C21: DIV. 01 | D21: GENERAL REQUIREMENTS | E21: SUBTOTAL MATERIAL | H21: =SUM(I22:I24) -> 0 | I21: =F21*H21 -> 0 | K21: SUBTOTAL LABOR | O21: =SUM(P22:P24) -> 60000 | P21: =F21*O21 -> 0 | Q21: =SUM(Q22:Q24) -> 60000 | R21: =(Q21)+(H21*$Q$8)+(O21*$Q$9)+(Q21*$Q$10)+($Q$11*((Q21)+(H21*$Q$8)+(O21*$Q$9)+(Q21*$Q$10)))+(Q21*$Q$12) -> 85620
B22: =IF(F22<>"",1+MAX($B20:B$24),"") | H22: =G22*$T$2 -> 0 | I22: =F22*H22 -> 0 | K22: =F22*J22 -> 0 | N22: =M22*$U$2 -> 0 | O22: =J22*N22 -> 0 | P22: =F22*O22 -> 0 | Q22: =I22+P22 -> 0
B23: =IF(F23<>"",1+MAX($B$22:B22),"") -> 1 | D23: PERMITS, SITE SUPERVISION, FINAL CLEANUP & DUMPSTER | E23: LS | F23: 1 | H23: =G23*$T$2 -> 0 | I23: =F23*H23 -> 0 | K23: =F23*J23 -> 0 | N23: =M23*$U$2 -> 0 | O23: 60000 | P23: =F23*O23 -> 60000 | Q23: =I23+P23 -> 60000
B24: =IF(F24<>"",1+MAX($B$22:B23),"") | H24: =G24*$T$2 -> 0 | I24: =F24*H24 -> 0 | K24: =F24*J24 -> 0 | N24: =M24*$U$2 -> 0 | O24: =J24*N24 -> 0 | P24: =F24*O24 -> 0 | Q24: =I24+P24 -> 0
B25: =IF(F25<>"",1+MAX($B$22:B24),"") | C25: DIV. 03 | D25: CONCRETE | E25: SUBTOTAL MATERIAL | H25: =SUM(I26:I110) -> 336003.87 | I25: =F25*H25 -> 0 | K25: SUBTOTAL LABOR | O25: =SUM(P26:P110) -> 376955.97 | P25: =F25*O25 -> 0 | Q25: =SUM(Q26:Q110) -> 712959.84 | R25: =(Q25)+(H25*$Q$8)+(O25*$Q$9)+(Q25*$Q$10)+($Q$11*((Q25)+(H25*$Q$8)+(O25*$Q$9)+(Q25*$Q$10)))+(Q25*$Q$12) -> 1004541.5
B26: =IF(F26<>"",1+MAX($B$22:B25),"") | H26: =G26*$T$2 -> 0 | I26: =F26*H26 -> 0 | K26: =F26*J26 -> 0 | N26: =M26*$U$2 -> 0 | O26: =J26*N26 -> 0 | P26: =F26*O26 -> 0 | Q26: =I26+P26 -> 0
B27: =IF(F27<>"",1+MAX($B$22:B26),"") | D27: SLAB ON GRADE | H27: =G27*$T$2 -> 0 | I27: =F27*H27 -> 0 | K27: =F27*J27 -> 0 | N27: =M27*$U$2 -> 0 | O27: =J27*N27 -> 0 | P27: =F27*O27 -> 0 | Q27: =I27+P27 -> 0
B28: =IF(F28<>"",1+MAX($B$22:B27),"") -> 2 | C28: S100, S200 | D28: 4" THK. NORMAL WEIGHT CONCRETE SLAB ON GRADE OVER 10 MIL POLYETHYLENE VAPOR BARRIER, REINFORCED W/ 6x6 W2.9xW2.9 W.W.F. AT MID DEPTH | E28: SF | F28: 562.57 | G28: 2.09013 | H28: =G28*$T$2 -> 1.881117 | I28: =F28*H28 -> 1058.26 | J28: 0.067744 | K28: =F28*J28 -> 38.110742 | L28: C14G | M28: 47.35 | N28: =M28*$U$2 -> 63.449 | O28: =J28*N28 -> 4.2982891 | P28: =F28*O28 -> 2418.0885 | Q28: =I28+P28 -> 3476.3485
B29: =IF(F29<>"",1+MAX($B$22:B28),"") -> 3 | D29: 12" THK. SLAB ON GRADE W/ #4 BARS @ 12" O.C. EACHWAY | E29: SF | F29: 38.46 | G29: 5.83222 | H29: =G29*$T$2 -> 5.248998 | I29: =F29*H29 -> 201.87646 | J29: 0.076111 | K29: =F29*J29 -> 2.9272291 | L29: C14G | M29: 47.35 | N29: =M29*$U$2 -> 63.449 | O29: =J29*N29 -> 4.8291668 | P29: =F29*O29 -> 185.72976 | Q29: =I29+P29 -> 387.60622
B30: =IF(F30<>"",1+MAX($B$22:B29),"") -> 4 | D30: 28" MAT SLAB REINFORCEMENT W/ #5 @12" TOP & BOTTOM INNER AND OUTER LAYER | E30: SF | F30: 11748.75 | G30: 12.84498 | H30: =G30*$T$2 -> 11.560482 | I30: =F30*H30 -> 135821.21 | J30: 0.169645 | K30: =F30*J30 -> 1993.1167 | L30: C14G | M30: 47.35 | N30: =M30*$U$2 -> 63.449 | O30: =J30*N30 -> 10.763806 | P30: =F30*O30 -> 126461.26 | Q30: =I30+P30 -> 262282.47
B31: =IF(F31<>"",1+MAX($B$22:B30),"") -> 5 | D31: 12" THK. ELEVATOR MAT SLAB REINFORCEMENT W/ #5 @12" O.C. TOP & BOTTOM INNER LAYER | E31: SF | F31: 89.9 | G31: 5.83222 | H31: =G31*$T$2 -> 5.248998 | I31: =F31*H31 -> 471.88492 | J31: 0.076111 | K31: =F31*J31 -> 6.8423789 | L31: C14G | M31: 47.35 | N31: =M31*$U$2 -> 63.449 | O31: =J31*N31 -> 4.8291668 | P31: =F31*O31 -> 434.1421 | Q31: =I31+P31 -> 906.02702
B32: =IF(F32<>"",1+MAX($B$22:B31),"") -> 6 | D32: 8" THK. ELEVATOR PIT SLAB REINFORCEMENT W/ #5 @12" O.C. TOP & BOTTOM INNER LAYER | E32: SF | F32: =2*2 -> 4 | G32: 4.04379 | H32: =G32*$T$2 -> 3.639411 | I32: =F32*H32 -> 14.557644 | J32: 0.074277 | K32: =F32*J32 -> 0.297108 | L32: C14G | M32: 47.35 | N32: =M32*$U$2 -> 63.449 | O32: =J32*N32 -> 4.7128014 | P32: =F32*O32 -> 18.851205 | Q32: =I32+P32 -> 33.408849
B33: =IF(F33<>"",1+MAX($B$22:B32),"") | H33: =G33*$T$2 -> 0 | I33: =F33*H33 -> 0 | K33: =F33*J33 -> 0 | N33: =M33*$U$2 -> 0 | O33: =J33*N33 -> 0 | P33: =F33*O33 -> 0 | Q33: =I33+P33 -> 0
B34: =IF(F34<>"",1+MAX($B$22:B33),"") | D34: CONTROL JOINTS | H34: =G34*$T$2 -> 0 | I34: =F34*H34 -> 0 | K34: =F34*J34 -> 0 | N34: =M34*$U$2 -> 0 | O34: =J34*N34 -> 0 | P34: =F34*O34 -> 0 | Q34: =I34+P34 -> 0
B35: =IF(F35<>"",1+MAX($B$22:B34),"") -> 7 | C35: S200 | D35: CONTROL JOINTS AT SLAB ON GRADE | E35: LF | F35: 57 | G35: 0.94 | H35: =G35*$T$2 -> 0.846 | I35: =F35*H35 -> 48.222 | J35: 0.04 | K35: =F35*J35 -> 2.28 | L35: 1 CARP | M35: 53.15 | N35: =M35*$U$2 -> 71.221 | O35: =J35*N35 -> 2.84884 | P35: =F35*O35 -> 162.38388 | Q35: =I35+P35 -> 210.60588
B36: =IF(F36<>"",1+MAX($B$22:B35),"") | H36: =G36*$T$2 -> 0 | I36: =F36*H36 -> 0 | K36: =F36*J36 -> 0 | N36: =M36*$U$2 -> 0 | O36: =J36*N36 -> 0 | P36: =F36*O36 -> 0 | Q36: =I36+P36 -> 0
B37: =IF(F37<>"",1+MAX($B$22:B36),"") | D37: GYPCRETE TOPPING | H37: =G37*$T$2 -> 0 | I37: =F37*H37 -> 0 | K37: =F37*J37 -> 0 | N37: =M37*$U$2 -> 0 | O37: =J37*N37 -> 0 | P37: =F37*O37 -> 0 | Q37: =I37+P37 -> 0
B38: =IF(F38<>"",1+MAX($B$22:B37),"") -> 8 | C38: A102, A105 | D38: 3/4" GYPCRETE UNDERLAYMENT | E38: SF | F38: 38949.27 | G38: 1.12 | H38: =G38*$T$2 -> 1.008 | I38: =F38*H38 -> 39260.864 | J38: 0.02 | K38: =F38*J38 -> 778.9854 | L38: C14B | M38: 54.87 | N38: =M38*$U$2 -> 73.5258 | O38: =J38*N38 -> 1.470516 | P38: =F38*O38 -> 57275.525 | Q38: =I38+P38 -> 96536.389
B39: =IF(F39<>"",1+MAX($B$22:B38),"") -> 9 | D39: 1" GYPCRETE UNDERLAYMENT | E39: SF | F39: 5558.33 | G39: 1.45 | H39: =G39*$T$2 -> 1.305 | I39: =F39*H39 -> 7253.6206 | J39: 0.02 | K39: =F39*J39 -> 111.1666 | L39: C14B | M39: 54.87 | N39: =M39*$U$2 -> 73.5258 | O39: =J39*N39 -> 1.470516 | P39: =F39*O39 -> 8173.6132 | Q39: =I39+P39 -> 15427.234
B40: =IF(F40<>"",1+MAX($B$22:B39),"") -> 10 | D40: 6'-4"W x 1'-0"D x 7"H CONCRETE TOPPING AT METAL STAIRS STEPS: 8 | E40: SF | F40: =8*(6.33*1) -> 50.64 | G40: 4.08 | H40: =G40*$T$2 -> 3.672 | I40: =F40*H40 -> 185.95008 | J40: 0.186 | K40: =F40*J40 -> 9.41904 | L40: C14B | M40: 54.87 | N40: =M40*$U$2 -> 73.5258 | O40: =J40*N40 -> 13.675799 | P40: =F40*O40 -> 692.54245 | Q40: =I40+P40 -> 878.49253
B41: =IF(F41<>"",1+MAX($B$22:B40),"") | H41: =G41*$T$2 -> 0 | I41: =F41*H41 -> 0 | K41: =F41*J41 -> 0 | N41: =M41*$U$2 -> 0 | O41: =J41*N41 -> 0 | P41: =F41*O41 -> 0 | Q41: =I41+P41 -> 0
B42: =IF(F42<>"",1+MAX($B$22:B41),"") | D42: THICKENED EDGE | H42: =G42*$T$2 -> 0 | I42: =F42*H42 -> 0 | K42: =F42*J42 -> 0 | N42: =M42*$U$2 -> 0 | O42: =J42*N42 -> 0 | P42: =F42*O42 -> 0 | Q42: =I42+P42 -> 0
B43: =IF(F43<>"",1+MAX($B$22:B42),"") -> 11 | C43: S100 | D43: CONCRETE THICKENED EDGE W/ #4 BARS @ 12" O.C. | E43: CY | F43: =(7*3.7)/27 -> 0.95925926 | G43: 273.11 | H43: =G43*$T$2 -> 245.799 | I43: =F43*H43 -> 235.78497 | J43: 5.2544952 | K43: =F43*J43 -> 5.0404231 | L43: C14C | M43: 50.61 | N43: =M43*$U$2 -> 67.8174 | O43: =J43*N43 -> 356.3462 | P43: =F43*O43 -> 341.82839 | Q43: =I43+P43 -> 577.61336
B44: =IF(F44<>"",1+MAX($B$22:B43),"") | H44: =G44*$T$2 -> 0 | I44: =F44*H44 -> 0 | K44: =F44*J44 -> 0 | N44: =M44*$U$2 -> 0 | O44: =J44*N44 -> 0 | P44: =F44*O44 -> 0 | Q44: =I44+P44 -> 0
B45: =IF(F45<>"",1+MAX($B$22:B44),"") | D45: SLAB EDGE | H45: =G45*$T$2 -> 0 | I45: =F45*H45 -> 0 | K45: =F45*J45 -> 0 | N45: =M45*$U$2 -> 0 | O45: =J45*N45 -> 0 | P45: =F45*O45 -> 0 | Q45: =I45+P45 -> 0
B46: =IF(F46<>"",1+MAX($B$22:B45),"") -> 12 | C46: S100 | D46: 11" x 1'-8"H THICKENED EDGE CONCRETE SLAB W/ #5 BARS @ 12" O.C. EACHWAY | E46: CY | F46: =(8*0.92*1.67)/27 -> 0.45522963 | G46: 273.11 | H46: =G46*$T$2 -> 245.799 | I46: =F46*H46 -> 111.89499 | J46: 5.2544952 | K46: =F46*J46 -> 2.3920019 | L46: C14C | M46: 50.61 | N46: =M46*$U$2 -> 67.8174 | O46: =J46*N46 -> 356.3462 | P46: =F46*O46 -> 162.21935 | Q46: =I46+P46 -> 274.11434
B47: =IF(F47<>"",1+MAX($B$22:B46),"") | H47: =G47*$T$2 -> 0 | I47: =F47*H47 -> 0 | K47: =F47*J47 -> 0 | N47: =M47*$U$2 -> 0 | O47: =J47*N47 -> 0 | P47: =F47*O47 -> 0 | Q47: =I47+P47 -> 0
B48: =IF(F48<>"",1+MAX($B$22:B47),"") | D48: WALL FOOTINGS | H48: =G48*$T$2 -> 0 | I48: =F48*H48 -> 0 | K48: =F48*J48 -> 0 | N48: =M48*$U$2 -> 0 | O48: =J48*N48 -> 0 | P48: =F48*O48 -> 0 | Q48: =I48+P48 -> 0
B49: =IF(F49<>"",1+MAX($B$22:B48),"") -> 13 | C49: S100 | D49: 2'-0"W x 1'-0" CONTINUOUS FOOTING W/ - 2 #5 BARS CONTINUOUS BARS | E49: CY | F49: =(46.5*2*1)/27 -> 3.4444444 | G49: 273.11 | H49: =G49*$T$2 -> 245.799 | I49: =F49*H49 -> 846.641 | J49: 5.2544952 | K49: =F49*J49 -> 18.098817 | L49: C14C | M49: 50.61 | N49: =M49*$U$2 -> 67.8174 | O49: =J49*N49 -> 356.3462 | P49: =F49*O49 -> 1227.4147 | Q49: =I49+P49 -> 2074.0557
B50: =IF(F50<>"",1+MAX($B$22:B49),"") | H50: =G50*$T$2 -> 0 | I50: =F50*H50 -> 0 | K50: =F50*J50 -> 0 | N50: =M50*$U$2 -> 0 | O50: =J50*N50 -> 0 | P50: =F50*O50 -> 0 | Q50: =I50+P50 -> 0
B51: =IF(F51<>"",1+MAX($B$22:B50),"") | D51: FOUNDATION WALL | H51: =G51*$T$2 -> 0 | I51: =F51*H51 -> 0 | K51: =F51*J51 -> 0 | N51: =M51*$U$2 -> 0 | O51: =J51*N51 -> 0 | P51: =F51*O51 -> 0 | Q51: =I51+P51 -> 0
B52: =IF(F52<>"",1+MAX($B$22:B51),"") -> 14 | C52: S100 | D52: 8" THK. CONCRETE WALL & CURB @ 5'-6" HT W/ - #4 BARS @ 12" O.C. HORIZONTALLY AND VERTICALLY - #4 DOWELS @ 12" O.C. - 2x4 CONTINUOUS KEYWAY W/ WATERSTOP | E52: CY | F52: =((17*0.67*4.5)+(16*0.67*5.83))/27+(8*4.5*0.67+6.5*5.33*0.67)/27+(4273/27) -> 164.22536 | G52: 322.446 | H52: =G52*$T$2 -> 290.2014 | I52: =F52*H52 -> 47658.43 | J52: 4.600589 | K52: =F52*J52 -> 755.53339 | L52: C14D | M52: 54.81 | N52: =M52*$U$2 -> 73.4454 | O52: =J52*N52 -> 337.8921 | P52: =F52*O52 -> 55490.452 | Q52: =I52+P52 -> 103148.88
B53: =IF(F53<>"",1+MAX($B$22:B52),"") -> 15 | D53: 8" THK. CONCRETE WALL - #4 HORIZONTAL BARS @ 12" O.C. - #5 VERTICAL BARS @ 12" O.C. - #5 DOWELS @ 12" O.C. - 2x4 CONTINUOUS KEYWAY W/ WATERSTOP | E53: CY | F53: =1060/27 -> 39.259259 | G53: 322.446 | H53: =G53*$T$2 -> 290.2014 | I53: =F53*H53 -> 11393.092 | J53: 4.600589 | K53: =F53*J53 -> 180.61572 | L53: C14D | M53: 54.81 | N53: =M53*$U$2 -> 73.4454 | O53: =J53*N53 -> 337.8921 | P53: =F53*O53 -> 13265.394 | Q53: =I53+P53 -> 24658.486
B54: =IF(F54<>"",1+MAX($B$22:B53),"") | H54: =G54*$T$2 -> 0 | I54: =F54*H54 -> 0 | K54: =F54*J54 -> 0 | N54: =M54*$U$2 -> 0 | O54: =J54*N54 -> 0 | P54: =F54*O54 -> 0 | Q54: =I54+P54 -> 0
B55: =IF(F55<>"",1+MAX($B$22:B54),"") | D55: STEM WALL | H55: =G55*$T$2 -> 0 | I55: =F55*H55 -> 0 | K55: =F55*J55 -> 0 | N55: =M55*$U$2 -> 0 | O55: =J55*N55 -> 0 | P55: =F55*O55 -> 0 | Q55: =I55+P55 -> 0
B56: =IF(F56<>"",1+MAX($B$22:B55),"") -> 16 | C56: S100 | D56: 12"W x 2'-8"H CONCRETE STEM WALL - #4 BARS @ 12" O.C. EACHWAY - 2x4 CONTINUOUS KEYWAY W/ WATERSTOP | E56: CY | F56: =(32*1*2.67)/27 -> 3.1644444 | G56: 322.446 | H56: =G56*$T$2 -> 290.2014 | I56: =F56*H56 -> 918.32621 | J56: 4.600589 | K56: =F56*J56 -> 14.558308 | L56: C14D | M56: 54.81 | N56: =M56*$U$2 -> 73.4454 | O56: =J56*N56 -> 337.8921 | P56: =F56*O56 -> 1069.2408 | Q56: =I56+P56 -> 1987.567
B57: =IF(F57<>"",1+MAX($B$22:B56),"") | H57: =G57*$T$2 -> 0 | I57: =F57*H57 -> 0 | K57: =F57*J57 -> 0 | N57: =M57*$U$2 -> 0 | O57: =J57*N57 -> 0 | P57: =F57*O57 -> 0 | Q57: =I57+P57 -> 0
B58: =IF(F58<>"",1+MAX($B$22:B57),"") | D58: CONCRETE BEAM OVER OPENING | H58: =G58*$T$2 -> 0 | I58: =F58*H58 -> 0 | K58: =F58*J58 -> 0 | N58: =M58*$U$2 -> 0 | O58: =J58*N58 -> 0 | P58: =F58*O58 -> 0 | Q58: =I58+P58 -> 0
B59: =IF(F59<>"",1+MAX($B$22:B58),"") -> 17 | C59: S100 | D59: 8" x 1'-8"H CONCRETE BEAM W/ - (2) #4 TOP BARS - (2) #6 BOTTOM BARS - #3 STIRRUPS @ 6" O.C. | E59: CY | F59: =(87*0.67*1.67)/27 -> 3.6053444 | G59: 308.35 | H59: =G59*$T$2 -> 277.515 | I59: =F59*H59 -> 1000.5372 | J59: 8.606045 | K59: =F59*J59 -> 31.027757 | L59: C14H | M59: 52.21 | N59: =M59*$U$2 -> 69.9614 | O59: =J59*N59 -> 602.09096 | P59: =F59*O59 -> 2170.7453 | Q59: =I59+P59 -> 3171.2824
B60: =IF(F60<>"",1+MAX($B$22:B59),"") -> 18 | D60: 8" x 1'-5"H CONCRETE BEAM W/ - (2) #4 TOP BARS - (2) #6 BOTTOM BARS - #3 STIRRUPS @ 6" O.C. | E60: CY | F60: =(90*0.67*1.42)/27 -> 3.1713333 | G60: 308.35 | H60: =G60*$T$2 -> 277.515 | I60: =F60*H60 -> 880.09257 | J60: 8.606045 | K60: =F60*J60 -> 27.292637 | L60: C14H | M60: 52.21 | N60: =M60*$U$2 -> 69.9614 | O60: =J60*N60 -> 602.09096 | P60: =F60*O60 -> 1909.4311 | Q60: =I60+P60 -> 2789.5237
B61: =IF(F61<>"",1+MAX($B$22:B60),"") | H61: =G61*$T$2 -> 0 | I61: =F61*H61 -> 0 | K61: =F61*J61 -> 0 | N61: =M61*$U$2 -> 0 | O61: =J61*N61 -> 0 | P61: =F61*O61 -> 0 | Q61: =I61+P61 -> 0
B62: =IF(F62<>"",1+MAX($B$22:B61),"") | D62: PIERS FOOTINGS | H62: =G62*$T$2 -> 0 | I62: =F62*H62 -> 0 | K62: =F62*J62 -> 0 | N62: =M62*$U$2 -> 0 | O62: =J62*N62 -> 0 | P62: =F62*O62 -> 0 | Q62: =I62+P62 -> 0
B63: =IF(F63<>"",1+MAX($B$22:B62),"") -> 19 | C63: S100 | D63: F3.0: 3'-0" x 3'-0" x 1'-0"D ISOLATED FOOTING W/ - (4) #4 BARS EACHWAY | E63: CY | F63: =(3*3*1*2)/27 -> 0.66666667 | G63: 268.01782 | H63: =G63*$T$2 -> 241.21604 | I63: =F63*H63 -> 160.81069 | J63: 5.882555 | K63: =F63*J63 -> 3.9217033 | L63: C14H | M63: 52.21 | N63: =M63*$U$2 -> 69.9614 | O63: =J63*N63 -> 411.55178 | P63: =F63*O63 -> 274.36786 | Q63: =I63+P63 -> 435.17855
B64: =IF(F64<>"",1+MAX($B$22:B63),"") | H64: =G64*$T$2 -> 0 | I64: =F64*H64 -> 0 | K64: =F64*J64 -> 0 | N64: =M64*$U$2 -> 0 | O64: =J64*N64 -> 0 | P64: =F64*O64 -> 0 | Q64: =I64+P64 -> 0
B65: =IF(F65<>"",1+MAX($B$22:B64),"") | D65: CONCRETE PIERS | H65: =G65*$T$2 -> 0 | I65: =F65*H65 -> 0 | K65: =F65*J65 -> 0 | N65: =M65*$U$2 -> 0 | O65: =J65*N65 -> 0 | P65: =F65*O65 -> 0 | Q65: =I65+P65 -> 0
B66: =IF(F66<>"",1+MAX($B$22:B65),"") -> 20 | C66: S100 | D66: P1: 12"x12" CONCRETE PIERS W/ - (4) # VERTICAL BARS - #3 TIES @ 8" O.C. | E66: CY | F66: =(1*1*3*2)/27 -> 0.22222222 | G66: 845.76 | H66: =G66*$T$2 -> 761.184 | I66: =F66*H66 -> 169.152 | J66: 5.99718 | K66: =F66*J66 -> 1.3327067 | L66: C-14C | M66: 50.61 | N66: =M66*$U$2 -> 67.8174 | O66: =J66*N66 -> 406.71315 | P66: =F66*O66 -> 90.380701 | Q66: =I66+P66 -> 259.5327
B67: =IF(F67<>"",1+MAX($B$22:B66),"") | H67: =G67*$T$2 -> 0 | I67: =F67*H67 -> 0 | K67: =F67*J67 -> 0 | N67: =M67*$U$2 -> 0 | O67: =J67*N67 -> 0 | P67: =F67*O67 -> 0 | Q67: =I67+P67 -> 0
B68: =IF(F68<>"",1+MAX($B$22:B67),"") | D68: WIRE MESH | H68: =G68*$T$2 -> 0 | I68: =F68*H68 -> 0 | K68: =F68*J68 -> 0 | N68: =M68*$U$2 -> 0 | O68: =J68*N68 -> 0 | P68: =F68*O68 -> 0 | Q68: =I68+P68 -> 0
B69: =IF(F69<>"",1+MAX($B$22:B68),"") -> 21 | C69: S100, S200 | D69: 6x6 W2.9xW2.9 W.W.F. AT MID DEPTH ON SLAB | E69: SF | F69: 563 | G69: 0.5 | H69: =G69*$T$2 -> 0.45 | I69: =F69*H69 -> 253.35 | J69: 0.004 | K69: =F69*J69 -> 2.252 | L69: E-4 | M69: 62.74 | N69: =M69*$U$2 -> 84.0716 | O69: =J69*N69 -> 0.3362864 | P69: =F69*O69 -> 189.32924 | Q69: =I69+P69 -> 442.67924
B70: =IF(F70<>"",1+MAX($B$22:B69),"") | H70: =G70*$T$2 -> 0 | I70: =F70*H70 -> 0 | K70: =F70*J70 -> 0 | N70: =M70*$U$2 -> 0 | O70: =J70*N70 -> 0 | P70: =F70*O70 -> 0 | Q70: =I70+P70 -> 0
B71: =IF(F71<>"",1+MAX($B$22:B70),"") | D71: REINFORCEMENT | H71: =G71*$T$2 -> 0 | I71: =F71*H71 -> 0 | K71: =F71*J71 -> 0 | N71: =M71*$U$2 -> 0 | O71: =J71*N71 -> 0 | P71: =F71*O71 -> 0 | Q71: =I71+P71 -> 0
B72: =IF(F72<>"",1+MAX($B$22:B71),"") -> 22 | C72: S100 | D72: #5 BARS AT SLAB ON GRADE | E72: LBS | F72: =23990*1.043*1.01 -> 25271.786 | G72: 0.8 | H72: =G72*$T$2 -> 0.72 | I72: =F72*H72 -> 18195.686 | J72: 0.009 | K72: =F72*J72 -> 227.44607 | L72: RI | M72: 39.12 | N72: =M72*$U$2 -> 52.4208 | O72: =J72*N72 -> 0.4717872 | P72: =F72*O72 -> 11922.905 | Q72: =I72+P72 -> 30118.591
B73: =IF(F73<>"",1+MAX($B$22:B72),"") -> 23 | D73: #4 BARS AT SLAB ON GRADE | E73: LBS | F73: =171*0.668*1.01 -> 115.37028 | G73: 0.75 | H73: =G73*$T$2 -> 0.675 | I73: =F73*H73 -> 77.874939 | J73: 0.01 | K73: =F73*J73 -> 1.1537028 | L73: RI | M73: 39.12 | N73: =M73*$U$2 -> 52.4208 | O73: =J73*N73 -> 0.524208 | P73: =F73*O73 -> 60.478024 | Q73: =I73+P73 -> 138.35296
B74: =IF(F74<>"",1+MAX($B$22:B73),"") -> 24 | D74: #4 BARS AT CONCRETE WALLS | E74: LBS | F74: =13783*0.668*1.01 -> 9299.1144 | G74: 0.75 | H74: =G74*$T$2 -> 0.675 | I74: =F74*H74 -> 6276.9022 | J74: 0.01 | K74: =F74*J74 -> 92.991144 | L74: RI | M74: 39.12 | N74: =M74*$U$2 -> 52.4208 | O74: =J74*N74 -> 0.524208 | P74: =F74*O74 -> 4874.6702 | Q74: =I74+P74 -> 11151.572
B75: =IF(F75<>"",1+MAX($B$22:B74),"") -> 25 | D75: #5 BARS AT CONCRETE WALLS | E75: LBS | F75: =1943*1.043*1.01 -> 2046.8145 | G75: 0.8 | H75: =G75*$T$2 -> 0.72 | I75: =F75*H75 -> 1473.7064 | J75: 0.009 | K75: =F75*J75 -> 18.42133 | L75: RI | M75: 39.12 | N75: =M75*$U$2 -> 52.4208 | O75: =J75*N75 -> 0.4717872 | P75: =F75*O75 -> 965.66088 | Q75: =I75+P75 -> 2439.3673
B76: =IF(F76<>"",1+MAX($B$22:B75),"") -> 26 | D76: #5 BARS AT CONTINUOUS FOOTING | E76: LBS | F76: =93*1.043*1.01 -> 97.96899 | G76: 0.8 | H76: =G76*$T$2 -> 0.72 | I76: =F76*H76 -> 70.537673 | J76: 0.009 | K76: =F76*J76 -> 0.88172091 | L76: RI | M76: 39.12 | N76: =M76*$U$2 -> 52.4208 | O76: =J76*N76 -> 0.4717872 | P76: =F76*O76 -> 46.220515 | Q76: =I76+P76 -> 116.75819
B77: =IF(F77<>"",1+MAX($B$22:B76),"") -> 27 | D77: #4 BARS AT PIERS FOOTING | E77: LBS | F77: =48*0.668*1.01 -> 32.38464 | G77: 0.75 | H77: =G77*$T$2 -> 0.675 | I77: =F77*H77 -> 21.859632 | J77: 0.01 | K77: =F77*J77 -> 0.3238464 | L77: RI | M77: 39.12 | N77: =M77*$U$2 -> 52.4208 | O77: =J77*N77 -> 0.524208 | P77: =F77*O77 -> 16.976287 | Q77: =I77+P77 -> 38.835919
B78: =IF(F78<>"",1+MAX($B$22:B77),"") -> 28 | D78: #5 BARS AT CONCRETE PIERS | E78: LBS | F78: =64*1.043*1.01 -> 67.41952 | G78: 0.8 | H78: =G78*$T$2 -> 0.72 | I78: =F78*H78 -> 48.542054 | J78: 0.009 | K78: =F78*J78 -> 0.60677568 | L78: RI | M78: 39.12 | N78: =M78*$U$2 -> 52.4208 | O78: =J78*N78 -> 0.4717872 | P78: =F78*O78 -> 31.807667 | Q78: =I78+P78 -> 80.349721
B79: =IF(F79<>"",1+MAX($B$22:B78),"") -> 29 | D79: #3 TIES AT CONCRETE PIERS | E79: LBS | F79: =36*0.367*1.01 -> 13.34412 | G79: 0.87 | H79: =G79*$T$2 -> 0.783 | I79: =F79*H79 -> 10.448446 | J79: 0.011 | K79: =F79*J79 -> 0.14678532 | L79: RI | M79: 39.12 | N79: =M79*$U$2 -> 52.4208 | O79: =J79*N79 -> 0.5766288 | P79: =F79*O79 -> 7.6946039 | Q79: =I79+P79 -> 18.14305
B80: =IF(F80<>"",1+MAX($B$22:B79),"") -> 30 | D80: #4 BARS AT CONCRETE BEAM | E80: LBS | F80: =354*0.668*1.01 -> 238.83672 | G80: 0.75 | H80: =G80*$T$2 -> 0.675 | I80: =F80*H80 -> 161.21479 | J80: 0.01 | K80: =F80*J80 -> 2.3883672 | L80: RI | M80: 39.12 | N80: =M80*$U$2 -> 52.4208 | O80: =J80*N80 -> 0.524208 | P80: =F80*O80 -> 125.20012 | Q80: =I80+P80 -> 286.41491
B81: =IF(F81<>"",1+MAX($B$22:B80),"") -> 31 | D81: #6 BARS AT CONCRETE BEAM | E81: LBS | F81: =354*1.502*1.01 -> 537.02508 | G81: 0.67 | H81: =G81*$T$2 -> 0.603 | I81: =F81*H81 -> 323.82612 | J81: 0.008 | K81: =F81*J81 -> 4.2962006 | L81: RI | M81: 39.12 | N81: =M81*$U$2 -> 52.4208 | O81: =J81*N81 -> 0.4193664 | P81: =F81*O81 -> 225.21027 | Q81: =I81+P81 -> 549.0364
B82: =IF(F82<>"",1+MAX($B$22:B81),"") -> 32 | D82: #3 STIRRUPS AT CONCRETE BEAM | E82: LBS | F82: =1446*0.367*1.01 -> 535.98882 | G82: 0.87 | H82: =G82*$T$2 -> 0.783 | I82: =F82*H82 -> 419.67925 | J82: 0.011 | K82: =F82*J82 -> 5.895877 | L82: RI | M82: 39.12 | N82: =M82*$U$2 -> 52.4208 | O82: =J82*N82 -> 0.5766288 | P82: =F82*O82 -> 309.06659 | Q82: =I82+P82 -> 728.74584
B83: =IF(F83<>"",1+MAX($B$22:B82),"") | H83: =G83*$T$2 -> 0 | I83: =F83*H83 -> 0 | K83: =F83*J83 -> 0 | N83: =M83*$U$2 -> 0 | O83: =J83*N83 -> 0 | P83: =F83*O83 -> 0 | Q83: =I83+P83 -> 0
B84: =IF(F84<>"",1+MAX($B$22:B83),"") | D84: FORMWORK | H84: =G84*$T$2 -> 0 | I84: =F84*H84 -> 0 | K84: =F84*J84 -> 0 | N84: =M84*$U$2 -> 0 | O84: =J84*N84 -> 0 | P84: =F84*O84 -> 0 | Q84: =I84+P84 -> 0
B85: =IF(F85<>"",1+MAX($B$22:B84),"") -> 33 | C85: S100, S200 | D85: FORMWORK REQUIRED | E85: SF | F85: 12762 | G85: 2 | H85: =G85*$T$2 -> 1.8 | I85: =F85*H85 -> 22971.6 | J85: 0.037 | K85: =F85*J85 -> 472.194 | L85: 2 CARP | M85: 53.15 | N85: =M85*$U$2 -> 71.221 | O85: =J85*N85 -> 2.635177 | P85: =F85*O85 -> 33630.129 | Q85: =I85+P85 -> 56601.729
B86: =IF(F86<>"",1+MAX($B$22:B85),"") | H86: =G86*$T$2 -> 0 | I86: =F86*H86 -> 0 | K86: =F86*J86 -> 0 | N86: =M86*$U$2 -> 0 | O86: =J86*N86 -> 0 | P86: =F86*O86 -> 0 | Q86: =I86+P86 -> 0
B87: =IF(F87<>"",1+MAX($B$22:B86),"") | D87: INSULATION | H87: =G87*$T$2 -> 0 | I87: =F87*H87 -> 0 | K87: =F87*J87 -> 0 | N87: =M87*$U$2 -> 0 | O87: =J87*N87 -> 0 | P87: =F87*O87 -> 0 | Q87: =I87+P87 -> 0
B88: =IF(F88<>"",1+MAX($B$22:B87),"") -> 34 | C88: S100, S200 | D88: 2" XPS RIGID R-10 INSULATION AT CONCRETE WALLS | E88: SF | F88: 5595 | G88: 1.43 | H88: =G88*$T$2 -> 1.287 | I88: =F88*H88 -> 7200.765 | J88: 0.017 | K88: =F88*J88 -> 95.115 | L88: 1 ROFC | M88: 46.2 | N88: =M88*$U$2 -> 61.908 | O88: =J88*N88 -> 1.052436 | P88: =F88*O88 -> 5888.3794 | Q88: =I88+P88 -> 13089.144
B89: =IF(F89<>"",1+MAX($B$22:B88),"") -> 35 | D89: 2" R-10 RIGID INSULATION UNDER SLAB | E89: SF | F89: 12440 | G89: 1.43 | H89: =G89*$T$2 -> 1.287 | I89: =F89*H89 -> 16010.28 | J89: 0.017 | K89: =F89*J89 -> 211.48 | L89: 1 ROFC | M89: 46.2 | N89: =M89*$U$2 -> 61.908 | O89: =J89*N89 -> 1.052436 | P89: =F89*O89 -> 13092.304 | Q89: =I89+P89 -> 29102.584
B90: =IF(F90<>"",1+MAX($B$22:B89),"") | H90: =G90*$T$2 -> 0 | I90: =F90*H90 -> 0 | K90: =F90*J90 -> 0 | N90: =M90*$U$2 -> 0 | O90: =J90*N90 -> 0 | P90: =F90*O90 -> 0 | Q90: =I90+P90 -> 0
B91: =IF(F91<>"",1+MAX($B$22:B90),"") | D91: WATERPROOFING | H91: =G91*$T$2 -> 0 | I91: =F91*H91 -> 0 | K91: =F91*J91 -> 0 | N91: =M91*$U$2 -> 0 | O91: =J91*N91 -> 0 | P91: =F91*O91 -> 0 | Q91: =I91+P91 -> 0
B92: =IF(F92<>"",1+MAX($B$22:B91),"") -> 36 | C92: S100 | D92: BITUMINOUS DAMPROOFING AT CONCRETE WALLS | E92: SF | F92: 382 | G92: 1.12 | H92: =G92*$T$2 -> 1.008 | I92: =F92*H92 -> 385.056 | J92: 0.024 | K92: =F92*J92 -> 9.168 | L92: 2 ROFC | M92: 46.2 | N92: =M92*$U$2 -> 61.908 | O92: =J92*N92 -> 1.485792 | P92: =F92*O92 -> 567.57254 | Q92: =I92+P92 -> 952.62854
B93: =IF(F93<>"",1+MAX($B$22:B92),"") -> 37 | D93: AIRTIGHT WATERPROOFING AT CONCRETE WALLS | E93: SF | F93: 4831 | G93: 0.36 | H93: =G93*$T$2 -> 0.324 | I93: =F93*H93 -> 1565.244 | J93: 0.005 | K93: =F93*J93 -> 24.155 | L93: 2 ROFC | M93: 46.2 | N93: =M93*$U$2 -> 61.908 | O93: =J93*N93 -> 0.30954 | P93: =F93*O93 -> 1495.3877 | Q93: =I93+P93 -> 3060.6317
B94: =IF(F94<>"",1+MAX($B$22:B93),"") | H94: =G94*$T$2 -> 0 | I94: =F94*H94 -> 0 | K94: =F94*J94 -> 0 | N94: =M94*$U$2 -> 0 | O94: =J94*N94 -> 0 | P94: =F94*O94 -> 0 | Q94: =I94+P94 -> 0
B95: =IF(F95<>"",1+MAX($B$22:B94),"") | D95: VAPOR BARRIER | H95: =G95*$T$2 -> 0 | I95: =F95*H95 -> 0 | K95: =F95*J95 -> 0 | N95: =M95*$U$2 -> 0 | O95: =J95*N95 -> 0 | P95: =F95*O95 -> 0 | Q95: =I95+P95 -> 0
B96: =IF(F96<>"",1+MAX($B$22:B95),"") -> 38 | C96: S100, S200 | D96: 15 MIL POLYETHYLENE VAPOR BARRIER TAPE JOINTS & PENETRATIONS UNDER SLAB | E96: SF | F96: 12440 | G96: 0.33 | H96: =G96*$T$2 -> 0.297 | I96: =F96*H96 -> 3694.68 | J96: 0.012 | K96: =F96*J96 -> 149.28 | L96: 2 CARP | M96: 53.15 | N96: =M96*$U$2 -> 71.221 | O96: =J96*N96 -> 0.854652 | P96: =F96*O96 -> 10631.871 | Q96: =I96+P96 -> 14326.551
B97: =IF(F97<>"",1+MAX($B$22:B96),"") -> 39 | D97: COMMERCIAL GRADE CONTINUOUS VAPOR PERMEABLE AIR BARRIER AT CONCRETE WALLS | E97: SF | F97: 4831 | G97: 0.33 | H97: =G97*$T$2 -> 0.297 | I97: =F97*H97 -> 1434.807 | J97: 0.012 | K97: =F97*J97 -> 57.972 | L97: 2 CARP | M97: 53.15 | N97: =M97*$U$2 -> 71.221 | O97: =J97*N97 -> 0.854652 | P97: =F97*O97 -> 4128.8238 | Q97: =I97+P97 -> 5563.6308
B98: =IF(F98<>"",1+MAX($B$22:B97),"") | H98: =G98*$T$2 -> 0 | I98: =F98*H98 -> 0 | K98: =F98*J98 -> 0 | N98: =M98*$U$2 -> 0 | O98: =J98*N98 -> 0 | P98: =F98*O98 -> 0 | Q98: =I98+P98 -> 0
B99: =IF(F99<>"",1+MAX($B$22:B98),"") | D99: GRANITE CURB | H99: =G99*$T$2 -> 0 | I99: =F99*H99 -> 0 | K99: =F99*J99 -> 0 | N99: =M99*$U$2 -> 0 | O99: =J99*N99 -> 0 | P99: =F99*O99 -> 0 | Q99: =I99+P99 -> 0
B100: =IF(F100<>"",1+MAX($B$22:B99),"") -> 40 | C100: C102, C501 | D100: VA-4 GRANITE CURB W/ 6" REVEAL - HIGH EARLY STRENGTH CEMENT CONCRETE - PROP. SAWCUT SEAL W/ IR - PROP. BIT. CONC. TOP COURSE | E100: LF | F100: =322+276 -> 598 | G100: 9.1 | H100: =G100*$T$2 -> 8.19 | I100: =F100*H100 -> 4897.62 | J100: 0.231 | K100: =F100*J100 -> 138.138 | L100: D-13 | M100: 59.25 | N100: =M100*$U$2 -> 79.395 | O100: =J100*N100 -> 18.340245 | P100: =F100*O100 -> 10967.467 | Q100: =I100+P100 -> 15865.087
B101: =IF(F101<>"",1+MAX($B$22:B100),"") | H101: =G101*$T$2 -> 0 | I101: =F101*H101 -> 0 | K101: =F101*J101 -> 0 | N101: =M101*$U$2 -> 0 | O101: =J101*N101 -> 0 | P101: =F101*O101 -> 0 | Q101: =I101+P101 -> 0
B102: =IF(F102<>"",1+MAX($B$22:B101),"") | D102: SIDEWALK | H102: =G102*$T$2 -> 0 | I102: =F102*H102 -> 0 | K102: =F102*J102 -> 0 | N102: =M102*$U$2 -> 0 | O102: =J102*N102 -> 0 | P102: =F102*O102 -> 0 | Q102: =I102+P102 -> 0
B103: =IF(F103<>"",1+MAX($B$22:B102),"") -> 41 | C103: C102, C501 | D103: 4" CONCRETE CEMENT CONCRETE SIDEWALK W/ BROOM FINISH - 6" CRUSHED STONE BASE OVER COMPACTED SUBGRADE - PROVIDE 1/2" CONSTRUCTION CONTROL JOINTS - PRVIDE A TOOLED DUMMY JOINT 1/4"Wx1/2"D AS NEEDED TO PROVIDE SYMMETRY | E103: SF | F103: 432.7 | G103: 2.9166667 | H103: =G103*$T$2 -> 2.625 | I103: =F103*H103 -> 1135.8375 | J103: 0.097 | K103: =F103*J103 -> 41.9719 | L103: B-24 | M103: 48.4 | N103: =M103*$U$2 -> 64.856 | O103: =J103*N103 -> 6.291032 | P103: =F103*O103 -> 2722.1295 | Q103: =I103+P103 -> 3857.967
B104: =IF(F104<>"",1+MAX($B$22:B103),"") | H104: =G104*$T$2 -> 0 | I104: =F104*H104 -> 0 | K104: =F104*J104 -> 0 | N104: =M104*$U$2 -> 0 | O104: =J104*N104 -> 0 | P104: =F104*O104 -> 0 | Q104: =I104+P104 -> 0
...

Sheet Site Work
B2: CONSTRUCTION COST ESTIMATE BREAKDOWN | T2: =Concrete!T2 -> 0.9 | U2: =Concrete!U2 -> 1.34
B3: CONTRACTOR | I3: ADDRESS
I5: TOTAL MATERIAL COST | R5: =SUM(I22:I192) -> 126072.82
I6: TOTAL LABOR COST | R6: =SUM(P22:P192) -> 520130.31
I7: SUBTOTAL | R7: =SUM(R5:R6) -> 646203.13
I8: SALES TAX | Q8: 0.0625 | R8: =R5*Q8 -> 7879.5511
I9: LABOR BURDEN | Q9: 0.1 | R9: =R6*Q9 -> 52013.031
I10: OVERHEAD & PROFIT | Q10: 0.25 | R10: =R7*Q10 -> 161550.78
I11: BONDING | Q11: 0.02 | R11: =SUM(R7:R10)*Q11 -> 17352.93
I12: CONTINGENCY / WASTAGE | Q12: 0.05 | R12: =R7*Q12 -> 32310.156
I13: PROPOSED PROJECT AMOUNT | R13: =SUM(R7:R12) -> 917309.58
I14: TOTAL MANHOURS | R14: =SUM(K22:K192) -> 7747.1722
B15: DATE | D15: PROJECT NAME | E15: SCOPE OF WORK | J15: PROJECT LOCATION
B18: LINE NO. | C18: DWG REF./ CSI SEC. | D18: ITEM DESCRIPTION | E18: UNIT OF MEASURE | F18: QUANTITY | G18: MATERIAL | J18: LABOR | Q18: LINE TOTAL | R18: TRADE TOTAL W/ S.TAX, O&P
G19: UNIT PRICE | H19: UNIT PRICE | I19: TOTAL COST | J19: UNIT LABOR HOUR | K19: LABOR HOURS | L19: CREW | M19: LABOR RATE | N19: LABOR RATE | O19: UNIT PRICE | P19: TOTAL COST
B20: =IF(F20<>"",1+MAX($B$2:B19),"")
B21: =IF(F21<>"",1+MAX($B$2:B20),"") | C21: DIV. 01 | D21: GENERAL REQUIREMENTS | E21: SUBTOTAL MATERIAL | H21: =SUM(I22:I24) -> 0 | I21: =F21*H21 -> 0 | K21: SUBTOTAL LABOR | O21: =SUM(P22:P24) -> 47500 | P21: =F21*O21 -> 0 | Q21: =SUM(Q22:Q24) -> 47500 | R21: =(Q21)+(H21*$Q$8)+(O21*$Q$9)+(Q21*$Q$10)+($Q$11*((Q21)+(H21*$Q$8)+(O21*$Q$9)+(Q21*$Q$10)))+(Q21*$Q$12) -> 67782.5
B22: =IF(F22<>"",1+MAX($B21:B$22),"") | H22: =G22*$T$2 -> 0 | I22: =F22*H22 -> 0 | K22: =F22*J22 -> 0 | N22: =M22*$U$2 -> 0 | O22: =J22*N22 -> 0 | P22: =F22*O22 -> 0 | Q22: =I22+P22 -> 0
B23: =IF(F23<>"",1+MAX($B$22:B22),"") -> 1 | D23: PERMITS, SITE SUPERVISION, FINAL CLEANUP & DUMPSTER | E23: LS | F23: 1 | H23: =G23*$T$2 -> 0 | I23: =F23*H23 -> 0 | K23: =F23*J23 -> 0 | N23: =M23*$U$2 -> 0 | O23: 47500 | P23: =F23*O23 -> 47500 | Q23: =I23+P23 -> 47500
B24: =IF(F24<>"",1+MAX($B$22:B23),"") | H24: =G24*$T$2 -> 0 | I24: =F24*H24 -> 0 | K24: =F24*J24 -> 0 | N24: =M24*$U$2 -> 0 | O24: =J24*N24 -> 0 | P24: =F24*O24 -> 0 | Q24: =I24+P24 -> 0
B25: =IF(F25<>"",1+MAX($B$22:B24),"") | C25: DIV. 32 | D25: EXTERIOR IMPROVEMENTS | E25: SUBTOTAL MATERIAL | H25: =SUM(I26:I138) -> 103711.74 | I25: =F25*H25 -> 0 | K25: SUBTOTAL LABOR | O25: =SUM(P26:P138) -> 443819.46 | P25: =F25*O25 -> 0 | Q25: =SUM(Q26:Q138) -> 547531.2 | R25: =(Q25)+(H25*$Q$8)+(O25*$Q$9)+(Q25*$Q$10)+($Q$11*((Q25)+(H25*$Q$8)+(O25*$Q$9)+(Q25*$Q$10)))+(Q25*$Q$12) -> 777360.04
B26: =IF(F26<>"",1+MAX($B$22:B25),"") | H26: =G26*$T$2 -> 0 | I26: =F26*H26 -> 0 | K26: =F26*J26 -> 0 | N26: =M26*$U$2 -> 0 | O26: =J26*N26 -> 0 | P26: =F26*O26 -> 0 | Q26: =I26+P26 -> 0
B27: =IF(F27<>"",1+MAX($B$22:B26),"") | D27: BUILDING STONE/GRAVEL | H27: =G27*$T$2 -> 0 | I27: =F27*H27 -> 0 | K27: =F27*J27 -> 0 | N27: =M27*$U$2 -> 0 | O27: =J27*N27 -> 0 | P27: =F27*O27 -> 0 | Q27: =I27+P27 -> 0
B28: =IF(F28<>"",1+MAX($B$22:B27),"") -> 2 | C28: S102 | D28: 12" GRAVEL OR CRUSHED STONE UNDER SLAB ON GRADE OVER FILTER FABRIC | E28: SF | F28: 12440 | G28: 1.15 | H28: =G28*$T$2 -> 1.035 | I28: =F28*H28 -> 12875.4 | J28: 0.022 | K28: =F28*J28 -> 273.68 | L28: 1 CLAB | M28: 42.1 | N28: =M28*$U$2 -> 56.414 | O28: =J28*N28 -> 1.241108 | P28: =F28*O28 -> 15439.384 | Q28: =I28+P28 -> 28314.784
B29: =IF(F29<>"",1+MAX($B$22:B28),"") | H29: =G29*$T$2 -> 0 | I29: =F29*H29 -> 0 | K29: =F29*J29 -> 0 | N29: =M29*$U$2 -> 0 | O29: =J29*N29 -> 0 | P29: =F29*O29 -> 0 | Q29: =I29+P29 -> 0
B30: =IF(F30<>"",1+MAX($B$22:B29),"") | D30: DEMOLITION | H30: =G30*$T$2 -> 0 | I30: =F30*H30 -> 0 | K30: =F30*J30 -> 0 | N30: =M30*$U$2 -> 0 | O30: =J30*N30 -> 0 | P30: =F30*O30 -> 0 | Q30: =I30+P30 -> 0
B31: =IF(F31<>"",1+MAX($B$22:B30),"") -> 3 | C31: C101 | D31: REMOVE EXISITNG CONCRETE CURB | E31: LF | F31: 44.26 | H31: =G31*$T$2 -> 0 | I31: =F31*H31 -> 0 | J31: 0.185 | K31: =F31*J31 -> 8.1881 | L31: 1 CLAB | M31: 42.1 | N31: =M31*$U$2 -> 56.414 | O31: =J31*N31 -> 10.43659 | P31: =F31*O31 -> 461.92347 | Q31: =I31+P31 -> 461.92347
B32: =IF(F32<>"",1+MAX($B$22:B31),"") -> 4 | D32: REMOVE EXISITNG CONCRETE PORCH W/ ASSOCIATED ASSEMBLY | E32: SF | F32: 137 | H32: =G32*$T$2 -> 0 | I32: =F32*H32 -> 0 | J32: 0.025 | K32: =F32*J32 -> 3.425 | L32: 1 CLAB | M32: 42.1 | N32: =M32*$U$2 -> 56.414 | O32: =J32*N32 -> 1.41035 | P32: =F32*O32 -> 193.21795 | Q32: =I32+P32 -> 193.21795
B33: =IF(F33<>"",1+MAX($B$22:B32),"") -> 5 | D33: REMOVE EXISTING CONCRETE LANDING | E33: SF | F33: 118.23 | H33: =G33*$T$2 -> 0 | I33: =F33*H33 -> 0 | J33: 0.025 | K33: =F33*J33 -> 2.95575 | L33: 1 CLAB | M33: 42.1 | N33: =M33*$U$2 -> 56.414 | O33: =J33*N33 -> 1.41035 | P33: =F33*O33 -> 166.74568 | Q33: =I33+P33 -> 166.74568
B34: =IF(F34<>"",1+MAX($B$22:B33),"") -> 6 | D34: REMOVE EXISTING CONCRETE STEPS | E34: EA | F34: 40 | H34: =G34*$T$2 -> 0 | I34: =F34*H34 -> 0 | J34: 0.125 | K34: =F34*J34 -> 5 | L34: 1 CLAB | M34: 42.1 | N34: =M34*$U$2 -> 56.414 | O34: =J34*N34 -> 7.05175 | P34: =F34*O34 -> 282.07 | Q34: =I34+P34 -> 282.07
B35: =IF(F35<>"",1+MAX($B$22:B34),"") -> 7 | D35: REMOVE EXISTING EDGE OF BIT DRIVEWAY | E35: SF | F35: 179.1 | H35: =G35*$T$2 -> 0 | I35: =F35*H35 -> 0 | J35: 0.025 | K35: =F35*J35 -> 4.4775 | L35: 1 CLAB | M35: 42.1 | N35: =M35*$U$2 -> 56.414 | O35: =J35*N35 -> 1.41035 | P35: =F35*O35 -> 252.59369 | Q35: =I35+P35 -> 252.59369
B36: =IF(F36<>"",1+MAX($B$22:B35),"") -> 8 | D36: REMOVE EXISTING TREES | E36: EA | F36: 2 | H36: =G36*$T$2 -> 0 | I36: =F36*H36 -> 0 | J36: 2.425 | K36: =F36*J36 -> 4.85 | L36: 1 CLAB | M36: 42.1 | N36: =M36*$U$2 -> 56.414 | O36: =J36*N36 -> 136.80395 | P36: =F36*O36 -> 273.6079 | Q36: =I36+P36 -> 273.6079
B37: =IF(F37<>"",1+MAX($B$22:B36),"") -> 9 | D37: REMOVE EXISTING 2-STORY WOOD DWELLING UNITS (4 LOC) | E37: CF | F37: =945*22+561*22+732*22+587*22 -> 62150 | H37: =G37*$T$2 -> 0 | I37: =F37*H37 -> 0 | J37: 0.002 | K37: =F37*J37 -> 124.3 | L37: B-8 | M37: 94.03 | N37: =M37*$U$2 -> 126.0002 | O37: =J37*N37 -> 0.2520004 | P37: =F37*O37 -> 15661.825 | Q37: =I37+P37 -> 15661.825
B38: =IF(F38<>"",1+MAX($B$22:B37),"") -> 10 | D38: REMOVE EXISTING SHED AREA: 145 SF | E38: SF | F38: =145 -> 145 | H38: =G38*$T$2 -> 0 | I38: =F38*H38 -> 0 | J38: 3.625 | K38: =F38*J38 -> 525.625 | L38: 1 CLAB | M38: 42.1 | N38: =M38*$U$2 -> 56.414 | O38: =J38*N38 -> 204.50075 | P38: =F38*O38 -> 29652.609 | Q38: =I38+P38 -> 29652.609
B39: =IF(F39<>"",1+MAX($B$22:B38),"") -> 11 | D39: REMOVE EXISTING TRAILER (1 LOC) AREA: 225 SF | E39: SF | F39: 225 | H39: =G39*$T$2 -> 0 | I39: =F39*H39 -> 0 | J39: 5.625 | K39: =F39*J39 -> 1265.625 | L39: 1 CLAB | M39: 42.1 | N39: =M39*$U$2 -> 56.414 | O39: =J39*N39 -> 317.32875 | P39: =F39*O39 -> 71398.969 | Q39: =I39+P39 -> 71398.969
B40: =IF(F40<>"",1+MAX($B$22:B39),"") -> 12 | D40: REMOVE EXISTING DOGHOUSE AREA: 20 SF | E40: CF | F40: =20*10 -> 200 | H40: =G40*$T$2 -> 0 | I40: =F40*H40 -> 0 | J40: 0.5 | K40: =F40*J40 -> 100 | L40: 1 CLAB | M40: 42.1 | N40: =M40*$U$2 -> 56.414 | O40: =J40*N40 -> 28.207 | P40: =F40*O40 -> 5641.4 | Q40: =I40+P40 -> 5641.4
B41: =IF(F41<>"",1+MAX($B$22:B40),"") -> 13 | D41: REMOVE EXISTING CONCRETE BULKHEAD AND STEPS AREA: 36 SF | E41: SF | F41: 36 | H41: =G41*$T$2 -> 0 | I41: =F41*H41 -> 0 | J41: 0.9 | K41: =F41*J41 -> 32.4 | L41: 1 CLAB | M41: 42.1 | N41: =M41*$U$2 -> 56.414 | O41: =J41*N41 -> 50.7726 | P41: =F41*O41 -> 1827.8136 | Q41: =I41+P41 -> 1827.8136
B42: =IF(F42<>"",1+MAX($B$22:B41),"") -> 14 | D42: REMOVE EXISTING CONCRETE DECK AREA: 111 SF | E42: SF | F42: 111 | H42: =G42*$T$2 -> 0 | I42: =F42*H42 -> 0 | J42: 0.065 | K42: =F42*J42 -> 7.215 | L42: 1 CLAB | M42: 42.1 | N42: =M42*$U$2 -> 56.414 | O42: =J42*N42 -> 3.66691 | P42: =F42*O42 -> 407.02701 | Q42: =I42+P42 -> 407.02701
B43: =IF(F43<>"",1+MAX($B$22:B42),"") | H43: =G43*$T$2 -> 0 | I43: =F43*H43 -> 0 | K43: =F43*J43 -> 0 | N43: =M43*$U$2 -> 0 | O43: =J43*N43 -> 0 | P43: =F43*O43 -> 0 | Q43: =I43+P43 -> 0
B44: =IF(F44<>"",1+MAX($B$22:B43),"") | D44: CONSTRUCTION ENTRANCE | H44: =G44*$T$2 -> 0 | I44: =F44*H44 -> 0 | K44: =F44*J44 -> 0 | N44: =M44*$U$2 -> 0 | O44: =J44*N44 -> 0 | P44: =F44*O44 -> 0 | Q44: =I44+P44 -> 0
B45: =IF(F45<>"",1+MAX($B$22:B44),"") -> 15 | C45: C101, C502 | D45: NEW CONSTRUCTION ENTRANCE - SIZE: 25'-0"x12'-0"x0'-6" THK - FILTER FABRIC: MIRAFI 600X OR APPROVED EQUAL | E45: SF | F45: =25*12 -> 300 | G45: 1.25 | H45: =G45*$T$2 -> 1.125 | I45: =F45*H45 -> 337.5 | J45: 0.042 | K45: =F45*J45 -> 12.6 | L45: 1 CLAB | M45: 42.1 | N45: =M45*$U$2 -> 56.414 | O45: =J45*N45 -> 2.369388 | P45: =F45*O45 -> 710.8164 | Q45: =I45+P45 -> 1048.3164
B46: =IF(F46<>"",1+MAX($B$22:B45),"") | H46: =G46*$T$2 -> 0 | I46: =F46*H46 -> 0 | K46: =F46*J46 -> 0 | N46: =M46*$U$2 -> 0 | O46: =J46*N46 -> 0 | P46: =F46*O46 -> 0 | Q46: =I46+P46 -> 0
B47: =IF(F47<>"",1+MAX($B$22:B46),"") | D47: CONSTRUCTION FENCE/ EROSION CONTROL | H47: =G47*$T$2 -> 0 | I47: =F47*H47 -> 0 | K47: =F47*J47 -> 0 | N47: =M47*$U$2 -> 0 | O47: =J47*N47 -> 0 | P47: =F47*O47 -> 0 | Q47: =I47+P47 -> 0
B48: =IF(F48<>"",1+MAX($B$22:B47),"") -> 16 | C48: C101, C502 | D48: NEW CONSTRUCTION FABRIC FENCE @5'-0" HT W/ - LINE POST 2 3/8" DIA @10'-0" C.C. - EXPANSION SLEEVE - CHAIN LINK FABRIC (2 1/2" MESH) - BAR BANDS @12" INTERVALS - TURNBUCKLE (6" TAKUP) - END POST 3" DIA W/ END POST CAP - TOP RAIL 1 3/4" DIA - INSTALL 3 VARBED WIRES W/ 45 DEGREE - WITH EROSION CONTROL BARRIER | E48: LF | F48: =520 -> 520 | G48: 12.25 | H48: =G48*$T$2 -> 11.025 | I48: =F48*H48 -> 5733 | J48: 0.143 | K48: =F48*J48 -> 74.36 | L48: B-80C | M48: 54.23 | N48: =M48*$U$2 -> 72.6682 | O48: =J48*N48 -> 10.391553 | P48: =F48*O48 -> 5403.6074 | Q48: =I48+P48 -> 11136.607
B49: =IF(F49<>"",1+MAX($B$22:B48),"") | H49: =G49*$T$2 -> 0 | I49: =F49*H49 -> 0 | K49: =F49*J49 -> 0 | N49: =M49*$U$2 -> 0 | O49: =J49*N49 -> 0 | P49: =F49*O49 -> 0 | Q49: =I49+P49 -> 0
B50: =IF(F50<>"",1+MAX($B$22:B49),"") | D50: WOOD FENCE | H50: =G50*$T$2 -> 0 | I50: =F50*H50 -> 0 | K50: =F50*J50 -> 0 | N50: =M50*$U$2 -> 0 | O50: =J50*N50 -> 0 | P50: =F50*O50 -> 0 | Q50: =I50+P50 -> 0
B51: =IF(F51<>"",1+MAX($B$22:B50),"") -> 17 | C51: L1, L7 | D51: 8'-0''H WOOD COMPOSITE FENCE W/ - 1x4 RAIL CAP, WHITE CEDAR, SHOP ALLPIED SATIN - 1x4 FASCIA BOARD AT TOP, WHITE CEDAR, SHOP APPLIED SATIN - 2x4 BACKING RAIL AT TOP, WHITE CEDAR, SHOP APPLIED SATIN - 5x5 POST, WHITE CEDAR, SHOP APPLIED SATIN - 1x5 V-GROOVE BOARDS, WHITE CEDAR, SHOP APPLIED SATIN - 2x4 BACKING RAIL AT BOTTOM, WHITE CEDAR, SHOP APPLIED SATIN - 1x4 FASCIA BOARD AT BOTTOM, WHITE CEDAR, SHOP APPLIED SATIN - 2" DIA SCHEDULE 40 GALVANIZED PIPE CORE DRILLED INTO FENCE | E51: LF | F51: =104 -> 104 | G51: 18.75 | H51: =G51*$T$2 -> 16.875 | I51: =F51*H51 -> 1755 | J51: 0.143 | K51: =F51*J51 -> 14.872 | L51: B-80C | M51: 54.23 | N51: =M51*$U$2 -> 72.6682 | O51: =J51*N51 -> 10.391553 | P51: =F51*O51 -> 1080.7215 | Q51: =I51+P51 -> 2835.7215
B52: =IF(F52<>"",1+MAX($B$22:B51),"") -> 18 | D52: 6'-0''H WOOD COMPOSITE FENCE W/ - 1x4 RAIL CAP, WHITE CEDAR, SHOP ALLPIED SATIN - 1x4 FASCIA BOARD AT TOP, WHITE CEDAR, SHOP APPLIED SATIN - 2x4 BACKING RAIL AT TOP, WHITE CEDAR, SHOP APPLIED SATIN - 5x5 POST, WHITE CEDAR, SHOP APPLIED SATIN - 1x5 V-GROOVE BOARDS, WHITE CEDAR, SHOP APPLIED SATIN - 2x4 BACKING RAIL AT BOTTOM, WHITE CEDAR, SHOP APPLIED SATIN - 1x4 FASCIA BOARD AT BOTTOM, WHITE CEDAR, SHOP APPLIED SATIN - 2" DIA SCHEDULE 40 GALVANIZED PIPE CORE DRILLED INTO FENCE | E52: LF | F52: 169 | G52: 18.75 | H52: =G52*$T$2 -> 16.875 | I52: =F52*H52 -> 2851.875 | J52: 0.143 | K52: =F52*J52 -> 24.167 | L52: B-80C | M52: 54.23 | N52: =M52*$U$2 -> 72.6682 | O52: =J52*N52 -> 10.391553 | P52: =F52*O52 -> 1756.1724 | Q52: =I52+P52 -> 4608.0474
B53: =IF(F53<>"",1+MAX($B$22:B52),"") | H53: =G53*$T$2 -> 0 | I53: =F53*H53 -> 0 | K53: =F53*J53 -> 0 | N53: =M53*$U$2 -> 0 | O53: =J53*N53 -> 0 | P53: =F53*O53 -> 0 | Q53: =I53+P53 -> 0
B54: =IF(F54<>"",1+MAX($B$22:B53),"") | D54: FOOTING | H54: =G54*$T$2 -> 0 | I54: =F54*H54 -> 0 | K54: =F54*J54 -> 0 | N54: =M54*$U$2 -> 0 | O54: =J54*N54 -> 0 | P54: =F54*O54 -> 0 | Q54: =I54+P54 -> 0
B55: =IF(F55<>"",1+MAX($B$22:B54),"") -> 19 | D55: 12" CONCRETE SONO TUBE FOOTING TO FROST | E55: CY | F55: =((34)*0.786*3)/27 -> 2.9693333 | G55: 304.22 | H55: =G55*$T$2 -> 273.798 | I55: =F55*H55 -> 812.99753 | J55: 6.415 | K55: =F55*J55 -> 19.048273 | L55: C14H | M55: 52.21 | N55: =M55*$U$2 -> 69.9614 | O55: =J55*N55 -> 448.80238 | P55: =F55*O55 -> 1332.6439 | Q55: =I55+P55 -> 2145.6414
B56: =IF(F56<>"",1+MAX($B$22:B55),"") | H56: =G56*$T$2 -> 0 | I56: =F56*H56 -> 0 | K56: =F56*J56 -> 0 | N56: =M56*$U$2 -> 0 | O56: =J56*N56 -> 0 | P56: =F56*O56 -> 0 | Q56: =I56+P56 -> 0
B57: =IF(F57<>"",1+MAX($B$22:B56),"") | D57: EXCAVATION | H57: =G57*$T$2 -> 0 | I57: =F57*H57 -> 0 | K57: =F57*J57 -> 0 | N57: =M57*$U$2 -> 0 | O57: =J57*N57 -> 0 | P57: =F57*O57 -> 0 | Q57: =I57+P57 -> 0
B58: =IF(F58<>"",1+MAX($B$22:B57),"") -> 20 | D58: EXCAVATION PROVIDED FOR FOOTING | E58: CY | F58: =((34)*0.786*3)/27 -> 2.9693333 | H58: =G58*$T$2 -> 0 | I58: =F58*H58 -> 0 | J58: 1.1886 | K58: =F58*J58 -> 3.5293496 | L58: 1 CLAB | M58: 42.1 | N58: =M58*$U$2 -> 56.414 | O58: =J58*N58 -> 67.05368 | P58: =F58*O58 -> 199.10473 | Q58: =I58+P58 -> 199.10473
B59: =IF(F59<>"",1+MAX($B$22:B58),"") -> 21 | D59: HAULING OFF EXTRA MATERIAL | E59: CY | F59: =((34)*0.786*3)/27 -> 2.9693333 | H59: =G59*$T$2 -> 0 | I59: =F59*H59 -> 0 | J59: 0.2975 | K59: =F59*J59 -> 0.88337667 | L59: 1 CLAB | M59: 42.1 | N59: =M59*$U$2 -> 56.414 | O59: =J59*N59 -> 16.783165 | P59: =F59*O59 -> 49.834811 | Q59: =I59+P59 -> 49.834811
B60: =IF(F60<>"",1+MAX($B$22:B59),"") | H60: =G60*$T$2 -> 0 | I60: =F60*H60 -> 0 | K60: =F60*J60 -> 0 | N60: =M60*$U$2 -> 0 | O60: =J60*N60 -> 0 | P60: =F60*O60 -> 0 | Q60: =I60+P60 -> 0
B61: =IF(F61<>"",1+MAX($B$22:B60),"") | D61: GATE | H61: =G61*$T$2 -> 0 | I61: =F61*H61 -> 0 | K61: =F61*J61 -> 0 | N61: =M61*$U$2 -> 0 | O61: =J61*N61 -> 0 | P61: =F61*O61 -> 0 | Q61: =I61+P61 -> 0
B62: =IF(F62<>"",1+MAX($B$22:B61),"") -> 22 | C62: L1, L7 | D62: 3'-2"W x 8' HT WOOD GATE W/ SELF LATCHING SS HARDWARE AS NOTED BELOW - PROVIDE EMTEK, MODEL HANOVER 510, COLOR: FLAT BLACK US19, SQUARE CORNER KEYED | E62: EA | F62: 4 | G62: 185 | H62: =G62*$T$2 -> 166.5 | I62: =F62*H62 -> 666 | J62: 1.725 | K62: =F62*J62 -> 6.9 | L62: B-80C | M62: 54.23 | N62: =M62*$U$2 -> 72.6682 | O62: =J62*N62 -> 125.35265 | P62: =F62*O62 -> 501.41058 | Q62: =I62+P62 -> 1167.4106
B63: =IF(F63<>"",1+MAX($B$22:B62),"") | H63: =G63*$T$2 -> 0 | I63: =F63*H63 -> 0 | K63: =F63*J63 -> 0 | N63: =M63*$U$2 -> 0 | O63: =J63*N63 -> 0 | P63: =F63*O63 -> 0 | Q63: =I63+P63 -> 0
B64: =IF(F64<>"",1+MAX($B$22:B63),"") | D64: GUARDRAIL | H64: =G64*$T$2 -> 0 | I64: =F64*H64 -> 0 | K64: =F64*J64 -> 0 | N64: =M64*$U$2 -> 0 | O64: =J64*N64 -> 0 | P64: =F64*O64 -> 0 | Q64: =I64+P64 -> 0
B65: =IF(F65<>"",1+MAX($B$22:B64),"") -> 23 | C65: L1, L7 | D65: 42" HT ALUMINUM GUARDRAIL OVER RETAINING WALL | E65: LF | F65: 83.5 | G65: 51.5 | H65: =G65*$T$2 -> 46.35 | I65: =F65*H65 -> 3870.225 | J65: 0.186 | K65: =F65*J65 -> 15.531 | L65: E-4 | M65: 62.74 | N65: =M65*$U$2 -> 84.0716 | O65: =J65*N65 -> 15.637318 | P65: =F65*O65 -> 1305.716 | Q65: =I65+P65 -> 5175.941
B66: =IF(F66<>"",1+MAX($B$22:B65),"") | H66: =G66*$T$2 -> 0 | I66: =F66*H66 -> 0 | K66: =F66*J66 -> 0 | N66: =M66*$U$2 -> 0 | O66: =J66*N66 -> 0 | P66: =F66*O66 -> 0 | Q66: =I66+P66 -> 0
B67: =IF(F67<>"",1+MAX($B$22:B66),"") | D67: SILT SACK | H67: =G67*$T$2 -> 0 | I67: =F67*H67 -> 0 | K67: =F67*J67 -> 0 | N67: =M67*$U$2 -> 0 | O67: =J67*N67 -> 0 | P67: =F67*O67 -> 0 | Q67: =I67+P67 -> 0
B68: =IF(F68<>"",1+MAX($B$22:B67),"") -> 24 | C68: C101, C502 | D68: SILT SACK@ 3'-0'' O.C. W/ - OPTIONAL OVERFLOW - DUMP LOOPS - 1" REBAR FOR BAG REMOVAL FROM INLET | E68: LF | F68: =520 -> 520 | G68: 2.625 | H68: =G68*$T$2 -> 2.3625 | I68: =F68*H68 -> 1228.5 | J68: 0.037 | K68: =F68*J68 -> 19.24 | L68: 1 CARP | M68: 53.15 | N68: =M68*$U$2 -> 71.221 | O68: =J68*N68 -> 2.635177 | P68: =F68*O68 -> 1370.292 | Q68: =I68+P68 -> 2598.792
B69: =IF(F69<>"",1+MAX($B$22:B68),"") | H69: =G69*$T$2 -> 0 | I69: =F69*H69 -> 0 | K69: =F69*J69 -> 0 | N69: =M69*$U$2 -> 0 | O69: =J69*N69 -> 0 | P69: =F69*O69 -> 0 | Q69: =I69+P69 -> 0
B70: =IF(F70<>"",1+MAX($B$22:B69),"") | D70: TANK | H70: =G70*$T$2 -> 0 | I70: =F70*H70 -> 0 | K70: =F70*J70 -> 0 | N70: =M70*$U$2 -> 0 | O70: =J70*N70 -> 0 | P70: =F70*O70 -> 0 | Q70: =I70+P70 -> 0
B71: =IF(F71<>"",1+MAX($B$22:B70),"") -> 25 | C71: C103, C501 | D71: 10'-6"x5'-8" 1000 GAL. LEDGE CONCRETE TANK W/ - 20" DIA CLEANOUT COVER 3 PLACES - 4" DIA INLET RUBBER BOOT W/ CLAMP - 2" DIA INLET RUBBER BOOT W/ CLAMP - 8" DIA INLET RUBBER BOOT W/ CLAMP - TONGUE AND GROOVE JOINT SEALED W/ BUTYL RESIN | E71: EA | F71: 4 | G71: 4850 | H71: =G71*$T$2 -> 4365 | I71: =F71*H71 -> 17460 | J71: 66 | K71: =F71*J71 -> 264 | L71: B-13 | M71: 56.41 | N71: =M71*$U$2 -> 75.5894 | O71: =J71*N71 -> 4988.9004 | P71: =F71*O71 -> 19955.602 | Q71: =I71+P71 -> 37415.602
B72: =IF(F72<>"",1+MAX($B$22:B71),"") | H72: =G72*$T$2 -> 0 | I72: =F72*H72 -> 0 | K72: =F72*J72 -> 0 | N72: =M72*$U$2 -> 0 | O72: =J72*N72 -> 0 | P72: =F72*O72 -> 0 | Q72: =I72+P72 -> 0
B73: =IF(F73<>"",1+MAX($B$22:B72),"") | D73: TRANSFORMER VAULT | H73: =G73*$T$2 -> 0 | I73: =F73*H73 -> 0 | K73: =F73*J73 -> 0 | N73: =M73*$U$2 -> 0 | O73: =J73*N73 -> 0 | P73: =F73*O73 -> 0 | Q73: =I73+P73 -> 0
B74: =IF(F74<>"",1+MAX($B$22:B73),"") -> 26 | C74: C103 | D74: TRANSFORMER VAULT W/ ASSOCIATED PAD & ASSEMBLY | E74: EA | F74: 1 | G74: 3250 | H74: =G74*$T$2 -> 2925 | I74: =F74*H74 -> 2925 | J74: 56 | K74: =F74*J74 -> 56 | L74: R-3 | M74: 70.57 | N74: =M74*$U$2 -> 94.5638 | O74: =J74*N74 -> 5295.5728 | P74: =F74*O74 -> 5295.5728 | Q74: =I74+P74 -> 8220.5728
B75: =IF(F75<>"",1+MAX($B$22:B74),"") | H75: =G75*$T$2 -> 0 | I75: =F75*H75 -> 0 | K75: =F75*J75 -> 0 | N75: =M75*$U$2 -> 0 | O75: =J75*N75 -> 0 | P75: =F75*O75 -> 0 | Q75: =I75+P75 -> 0
B76: =IF(F76<>"",1+MAX($B$22:B75),"") | D76: MARKING | H76: =G76*$T$2 -> 0 | I76: =F76*H76 -> 0 | K76: =F76*J76 -> 0 | N76: =M76*$U$2 -> 0 | O76: =J76*N76 -> 0 | P76: =F76*O76 -> 0 | Q76: =I76+P76 -> 0
B77: =IF(F77<>"",1+MAX($B$22:B76),"") -> 27 | C77: C103 | D77: PROPOSED 12'' RAISED CROSSWALK MARKING | E77: LF | F77: 112 | G77: 1.2 | H77: =G77*$T$2 -> 1.08 | I77: =F77*H77 -> 120.96 | J77: 0.045 | K77: =F77*J77 -> 5.04 | L77: 1 PORD | M77: 44.4 | N77: =M77*$U$2 -> 59.496 | O77: =J77*N77 -> 2.67732 | P77: =F77*O77 -> 299.85984 | Q77: =I77+P77 -> 420.81984
B78: =IF(F78<>"",1+MAX($B$22:B77),"") | H78: =G78*$T$2 -> 0 | I78: =F78*H78 -> 0 | K78: =F78*J78 -> 0 | N78: =M78*$U$2 -> 0 | O78: =J78*N78 -> 0 | P78: =F78*O78 -> 0 | Q78: =I78+P78 -> 0
B79: =IF(F79<>"",1+MAX($B$22:B78),"") | D79: STONE STRIPS | H79: =G79*$T$2 -> 0 | I79: =F79*H79 -> 0 | K79: =F79*J79 -> 0 | N79: =M79*$U$2 -> 0 | O79: =J79*N79 -> 0 | P79: =F79*O79 -> 0 | Q79: =I79+P79 -> 0
B80: =IF(F80<>"",1+MAX($B$22:B79),"") -> 28 | C80: L1, L7 | D80: DECORATIVE STONE STRIPS - PROVIDE A SMOOTH, NATURALLY ROUNDED BOTTOM STONE 1.5-2" IN SIZE - 3/16"x4" H PERMALOC EDGE, MILL FINISH: 411 LF - 18" LONG STEEL STAKE: 411 LF - COMPACTED SUBGRADE | E80: SF | F80: 551 | G80: 15.5 | H80: =G80*$T$2 -> 13.95 | I80: =F80*H80 -> 7686.45 | J80: 0.54 | K80: =F80*J80 -> 297.54 | L80: D-8 | M80: 47.93 | N80: =M80*$U$2 -> 64.2262 | O80: =J80*N80 -> 34.682148 | P80: =F80*O80 -> 19109.864 | Q80: =I80+P80 -> 26796.314
B81: =IF(F81<>"",1+MAX($B$22:B80),"") | H81: =G81*$T$2 -> 0 | I81: =F81*H81 -> 0 | K81: =F81*J81 -> 0 | N81: =M81*$U$2 -> 0 | O81: =J81*N81 -> 0 | P81: =F81*O81 -> 0 | Q81: =I81+P81 -> 0
B82: =IF(F82<>"",1+MAX($B$22:B81),"") | D82: WARNING STRIPS/ RAMP | H82: =G82*$T$2 -> 0 | I82: =F82*H82 -> 0 | K82: =F82*J82 -> 0 | N82: =M82*$U$2 -> 0 | O82: =J82*N82 -> 0 | P82: =F82*O82 -> 0 | Q82: =I82+P82 -> 0
B83: =IF(F83<>"",1+MAX($B$22:B82),"") -> 29 | C83: L1, L7 | D83: DTECTABLE WARNING STRIPS AREA | E83: SF | F83: 35 | G83: 18.35 | H83: =G83*$T$2 -> 16.515 | I83: =F83*H83 -> 578.025 | J83: 0.04 | K83: =F83*J83 -> 1.4 | L83: 2 CLAB | M83: 42.1 | N83: =M83*$U$2 -> 56.414 | O83: =J83*N83 -> 2.25656 | P83: =F83*O83 -> 78.9796 | Q83: =I83+P83 -> 657.0046
B84: =IF(F84<>"",1+MAX($B$22:B83),"") | H84: =G84*$T$2 -> 0 | I84: =F84*H84 -> 0 | K84: =F84*J84 -> 0 | N84: =M84*$U$2 -> 0 | O84: =J84*N84 -> 0 | P84: =F84*O84 -> 0 | Q84: =I84+P84 -> 0
B85: =IF(F85<>"",1+MAX($B$22:B84),"") | D85: SIGNAGE | H85: =G85*$T$2 -> 0 | I85: =F85*H85 -> 0 | K85: =F85*J85 -> 0 | N85: =M85*$U$2 -> 0 | O85: =J85*N85 -> 0 | P85: =F85*O85 -> 0 | Q85: =I85+P85 -> 0
B86: =IF(F86<>"",1+MAX($B$22:B85),"") -> 30 | C86: C103 | D86: TRAFFIC CONTROL SIGNAGE | E86: EA | F86: 4 | G86: 225 | H86: =G86*$T$2 -> 202.5 | I86: =F86*H86 -> 810 | J86: 3 | K86: =F86*J86 -> 12 | L86: 2 CLAB | M86: 42.1 | N86: =M86*$U$2 -> 56.414 | O86: =J86*N86 -> 169.242 | P86: =F86*O86 -> 676.968 | Q86: =I86+P86 -> 1486.968
B87: =IF(F87<>"",1+MAX($B$22:B86),"") | K87: =F87*J87 -> 0 | N87: =M87*$U$2 -> 0 | O87: =J87*N87 -> 0 | P87: =F87*O87 -> 0 | Q87: =I87+P87 -> 0
B88: =IF(F88<>"",1+MAX($B$22:B87),"") | D88: ASPHALT REPAIR AND PATCHING | K88: =F88*J88 -> 0 | N88: =M88*$U$2 -> 0 | O88: =J88*N88 -> 0 | P88: =F88*O88 -> 0 | Q88: =I88+P88 -> 0
B89: =IF(F89<>"",1+MAX($B$22:B88),"") -> 31 | C89: C103 | D89: PROVIDE ASPHALT PATCH AND REPAIR WHERE UTILITIES ARE CONNECTING IN THE STREET | E89: SF | F89: 222 | G89: 2.85 | H89: =G89*$T$2 -> 2.565 | I89: =F89*H89 -> 569.43 | J89: 0.029 | K89: =F89*J89 -> 6.438 | L89: B-45 | M89: 104.31 | N89: =M89*$U$2 -> 139.7754 | O89: =J89*N89 -> 4.0534866 | P89: =F89*O89 -> 899.87403 | Q89: =I89+P89 -> 1469.304
B90: =IF(F90<>"",1+MAX($B$22:B89),"") | K90: =F90*J90 -> 0 | N90: =M90*$U$2 -> 0 | O90: =J90*N90 -> 0 | P90: =F90*O90 -> 0 | Q90: =I90+P90 -> 0
B91: =IF(F91<>"",1+MAX($B$22:B90),"") | D91: ALLOWNACE | K91: =F91*J91 -> 0 | N91: =M91*$U$2 -> 0 | O91: =J91*N91 -> 0 | P91: =F91*O91 -> 0 | Q91: =I91+P91 -> 0
B92: =IF(F92<>"",1+MAX($B$22:B91),"") -> 32 | C92: C103 | D92: PROVIDE ALLOWANCE FOR POLICE DETAILS AT ROAD CROSSING WHILE WORKING | E92: LS | F92: 1 | G92: 1250 | H92: =G92*$T$2 -> 1125 | I92: =F92*H92 -> 1125 | J92: 12.25 | K92: =F92*J92 -> 12.25 | L92: 2 CLAB | M92: 42.1 | N92: =M92*$U$2 -> 56.414 | O92: =J92*N92 -> 691.0715 | P92: =F92*O92 -> 691.0715 | Q92: =I92+P92 -> 1816.0715
B93: =IF(F93<>"",1+MAX($B$22:B92),"") | H93: =G93*$T$2 -> 0 | I93: =F93*H93 -> 0 | K93: =F93*J93 -> 0 | N93: =M93*$U$2 -> 0 | O93: =J93*N93 -> 0 | P93: =F93*O93 -> 0 | Q93: =I93+P93 -> 0
B94: =IF(F94<>"",1+MAX($B$22:B93),"") | D94: RETAINING WALL | H94: =G94*$T$2 -> 0 | I94: =F94*H94 -> 0 | K94: =F94*J94 -> 0 | N94: =M94*$U$2 -> 0 | O94: =J94*N94 -> 0 | P94: =F94*O94 -> 0 | Q94: =I94+P94 -> 0
B95: =IF(F95<>"",1+MAX($B$22:B94),"") -> 33 | C95: L1, L7 | D95: 6'-0" HT CONCRETE RETAINING WALL W/ - SMOOTH AND TROWEL FINISH - 1/2" CHAMFER, BOTH SIDES - EPOXY COATED REBAR 12" O.C. E.W - 4" DIA SCH. 40 PERFORATED DRAIN PIPE - 2"x4" KEY - WASHED 3/4" CRUSHED STONE WRAPPED IN FILTER FABRIC, BOTH SIDES | E95: CY | F95: =(228*6*0.83)/27 -> 42.053333 | G95: 366 | H95: =G95*$T$2 -> 329.4 | I95: =F95*H95 -> 13852.368 | J95: 5.017 | K95: =F95*J95 -> 210.98157 | L95: C14D | M95: 54.81 | N95: =M95*$U$2 -> 73.4454 | O95: =J95*N95 -> 368.47557 | P95: =F95*O95 -> 15495.626 | Q95: =I95+P95 -> 29347.994
B96: =IF(F96<>"",1+MAX($B$22:B95),"") | H96: =G96*$T$2 -> 0 | I96: =F96*H96 -> 0 | K96: =F96*J96 -> 0 | N96: =M96*$U$2 -> 0 | O96: =J96*N96 -> 0 | P96: =F96*O96 -> 0 | Q96: =I96+P96 -> 0
B97: =IF(F97<>"",1+MAX($B$22:B96),"") | D97: FOUNDATION | H97: =G97*$T$2 -> 0 | I97: =F97*H97 -> 0 | K97: =F97*J97 -> 0 | N97: =M97*$U$2 -> 0 | O97: =J97*N97 -> 0 | P97: =F97*O97 -> 0 | Q97: =I97+P97 -> 0
B98: =IF(F98<>"",1+MAX($B$22:B97),"") -> 34 | D98: 2'-10"x1'-0" CONCRETE FOOTINGS W/ #4 EPOXY COATED REBAR 12" O.C. E.W TYP | E98: CY | F98: =(228*2.83*1)/27 -> 23.897778 | G98: 304.22 | H98: =G98*$T$2 -> 273.798 | I98: =F98*H98 -> 6543.1638 | J98: 6.415 | K98: =F98*J98 -> 153.30424 | L98: C14H | M98: 52.21 | N98: =M98*$U$2 -> 69.9614 | O98: =J98*N98 -> 448.80238 | P98: =F98*O98 -> 10725.38 | Q98: =I98+P98 -> 17268.543
B99: =IF(F99<>"",1+MAX($B$22:B98),"") | H99: =G99*$T$2 -> 0 | I99: =F99*H99 -> 0 | K99: =F99*J99 -> 0 | N99: =M99*$U$2 -> 0 | O99: =J99*N99 -> 0 | P99: =F99*O99 -> 0 | Q99: =I99+P99 -> 0
B100: =IF(F100<>"",1+MAX($B$22:B99),"") | D100: FORMWORK | H100: =G100*$T$2 -> 0 | I100: =F100*H100 -> 0 | K100: =F100*J100 -> 0 | N100: =M100*$U$2 -> 0 | O100: =J100*N100 -> 0 | P100: =F100*O100 -> 0 | Q100: =I100+P100 -> 0
B101: =IF(F101<>"",1+MAX($B$22:B100),"") -> 35 | D101: FORMWORK REQUIRED | E101: SF | F101: =228*7*2 -> 3192 | G101: 2 | H101: =G101*$T$2 -> 1.8 | I101: =F101*H101 -> 5745.6 | J101: 0.037 | K101: =F101*J101 -> 118.104 | L101: 2 CARP | M101: 53.15 | N101: =M101*$U$2 -> 71.221 | O101: =J101*N101 -> 2.635177 | P101: =F101*O101 -> 8411.485 | Q101: =I101+P101 -> 14157.085
B102: =IF(F102<>"",1+MAX($B$22:B101),"") | H102: =G102*$T$2 -> 0 | I102: =F102*H102 -> 0 | K102: =F102*J102 -> 0 | N102: =M102*$U$2 -> 0 | O102: =J102*N102 -> 0 | P102: =F102*O102 -> 0 | Q102: =I102+P102 -> 0
B103: =IF(F103<>"",1+MAX($B$22:B102),"") | D103: EXCAVATION | H103: =G103*$T$2 -> 0 | I103: =F103*H103 -> 0 | K103: =F103*J103 -> 0 | N103: =M103*$U$2 -> 0 | O103: =J103*N103 -> 0 | P103: =F103*O103 -> 0 | Q103: =I103+P103 -> 0
B104: =IF(F104<>"",1+MAX($B$22:B103),"") -> 36 | D104: EXCAVATION PROVIDED FOR FOOTING | E104: CY | F104: =(228*4.83*7)/27 -> 285.50667 | H104: =G104*$T$2 -> 0 | I104: =F104*H104 -> 0 | J104: 0.679 | K104: =F104*J104 -> 193.85903 | L104: 1 CLAB | M104: 42.1 | N104: =M104*$U$2 -> 56.414 | O104: =J104*N104 -> 38.305106 | P104: =F104*O104 -> 10936.363 | Q104: =I104+P104 -> 10936.363
...
